 Dungeon Crawl Stone Soup version 0.32-a0-43-g058985b245 (webtiles) character file.

Game seed: 12062122278650323538

167 pokeman the Magician (level 5, 0/29 HPs)
             Began as a Deep Elf Hedge Wizard on Feb 4, 2024.
             Slain by an orc
             ... wielding a +0 flail
              (3 damage)
             ... on level 3 of the Dungeon.
             The game lasted 00:03:54 (2738 turns).

pokeman the Magician (Deep Elf Hedge Wizard)        Turns: 2738, Time: 00:03:55

Health: 0/29       AC:  5    Str:  7    XL:     5   Next: 23%
Magic:  10/15      EV: 12    Int: 21    God:
Gold:   121        SH:  0    Dex: 14    Spells: 8/16 levels left

rFire   . . .        n - +4 quarterstaff (chaos)
rCold   . . .        (shield currently unavailable)
rNeg    . . .        b - +0 robe
rPois   .            c - +0 hat
rElec   .            o - +2 cloak {Stlth+}
rCorr   .            (no gloves)
SInv    .            (no boots)
Will    .....        (no amulet)
Stlth   +++          (no ring)
HPRegen 0.24/turn    (no ring)
MPRegen 0.14/turn

%: no passive effects
@: on blink cooldown
A: no striking features
a: no special abilities


You were on level 3 of the Dungeon.
You visited 1 branch of the dungeon, and saw 3 of its levels.

You collected 121 gold pieces.

Inventory:

Hand Weapons
 n - a +4 quarterstaff of chaos (weapon)
Armour
 b - a +0 robe (worn)
 c - a +0 hat (worn)
 o - a +2 cloak of stealth (worn)
Magical Staves
 i - a staff of fire
Wands
 k - a wand of light (7)
Scrolls
 a - 2 scrolls of blinking {unknown}
 e - 2 scrolls of identify {unknown}
 f - a scroll of noise {unknown}
 g - a scroll of amnesia {unknown}
 h - a scroll of teleportation {unknown}
 l - a scroll of immolation {unknown}
 m - a scroll of fear {unknown}
Potions
 d - a potion of magic
 j - a potion of brilliance {unknown}


   Skills:
 - Level 1.4 Fighting
 - Level 1.4 Armour
 + Level 2.6 Dodging
 + Level 2.6 Stealth
 * Level 6.2 Spellcasting
 + Level 2.5 Conjurations
 - Level 1.1 Summonings
 - Level 1.1 Translocations


You had 8 spell levels left.
You knew the following spells:

 Your Spells              Type           Power      Damage    Failure   Level
a - Magic Dart            Conj           68%        1d6       3%          1
b - Mephitic Cloud        Conj/Alch/Air  10%        N/A       21%         3
c - Call Imp              Summ           22%        N/A       10%         2
d - Blink                 Tloc           22%        N/A       10%         2

Your spell library contained the following spells:

 Spells                   Type           Power      Damage    Failure   Level
 Slow                     Hex            24%        N/A       10%         1
 Cigotuvi's Dreadful Rot  Necr/Alch/Air  12%        N/A       14%         2
 Mercury Vapours          Alch/Air       12%        N/A       14%         2
 Freezing Cloud           Conj/Ice/Air   5%         6-21      88%         5


Dungeon Overview and Level Annotations

Branches:
Dungeon (3/15)

Altars:

Shops:
D:1 [[?(=


Message History

You closely miss the orc.
The adder is engulfed in noxious fumes.
The adder appears confused.
The adder bites you.
You are poisoned.
The adder poisons you!
The adder bites itself.
The orc closely misses you.
Unknown command.
You hit the adder.
The adder is almost dead.
You feel sick. The orc hits you but does no damage.
The adder is engulfed in noxious fumes.
The adder appears confused.
The adder bites you. The orc hits you but does no damage. The orc misses you.
The adder is engulfed in noxious fumes.
The adder appears confused.
The adder completely misses the orc.
You hit the orc. You burn the orc.
The orc is heavily wounded.
You feel sick.
The adder is engulfed in noxious fumes.
The adder appears confused.
The orc barely misses you. The orc hits you with a +4 flail.
The adder is engulfed in noxious fumes.
The adder appears confused.
The adder barely misses you.
Unknown command.
You strike the helpless adder from behind!
You hit the adder.
You kill the adder!
You feel sick. The orc hits you with a +0 dagger. The orc barely misses you.
Unknown command.
You closely miss the orc.
The orc is heavily wounded.
You feel sick.
You are no longer poisoned.
The orc hits you with a +0 dagger. The orc hits you with a +4 flail.
* * * LOW HITPOINT WARNING * * *
The orc hits you but does no damage. The orc hits you with a +0 flail.
* * * LOW HITPOINT WARNING * * *
The orc closely misses you.
Casting: Mephitic Cloud (quite dangerous; 21% risk of failure)
Confirm with . or Enter, or press ? or * to list all spells.
You blink.
A rat comes into view.
The rat squeaks loudly.
The orc hits you with a +0 flail.
You die...

#...# .# .
#...##.##
.r###.......
......).... ..
.......... #.#
....... .. #...# #
. #..@#.# #
#)o...# # #§o.###
# #########.o.# #
#...........#
######.#####.##..#
.....#.# #.##..#
####...# #...>.# #
###.# #.#...#


You could see 3 orcs and a rat.

Vanquished Creatures
  Crazy Yiuf (D:2)
  An orc wizard (D:3)
  3 gnolls (D:3)
  3 adders
  2 dart slugs
  A ribbon worm (D:2)
  4 orcs (D:3)
  A ball python (D:2)
  6 endoplasms
  A giant cockroach (D:1)
  2 hobgoblins
  4 jackals (D:2)
  2 quokkas (D:2)
  6 bats
  5 frilled lizards
  3 goblins
  3 kobolds
  8 rats
56 creatures vanquished.

Notes
Turn   | Place    | Note
-------+----------+-------------------------------------------
     0 | D:1      | pokeman the Deep Elf Hedge Wizard began the quest for the
                  | Orb.
     0 | D:1      | Reached XP level 1. HP: 10/10 MP: 7/7
   257 | D:1      | Found Enyam's Antique Armour Emporium.
   363 | D:1      | Reached XP level 2. HP: 9/16 MP: 0/9
   717 | D:1      | Found Kaleset's Antique Armour Shop.
   875 | D:1      | Found Guof's Jewellery Shoppe.
   939 | D:1      | Found Plog's Magic Scroll Emporium.
  1035 | D:1      | Found Wecs's Weapon Boutique.
  1261 | D:2      | Reached skill level 5 in Spellcasting
  1345 | D:2      | Reached XP level 3. HP: 20/20 MP: 7/11
  1349 | D:2      | Learned a level 3 spell: Mephitic Cloud
  1352 | D:2      | Learned a level 2 spell: Call Imp
  1355 | D:2      | Learned a level 2 spell: Blink
  1408 | D:2      | Reached skill level 1 in Fighting
  1651 | D:2      | Reached skill level 1 in Armour
  2161 | D:3      | Reached XP level 4. HP: 17/25 MP: 9/13
  2222 | D:2      | Found a runed translucent door.
  2223 | D:2      | Noticed Crazy Yiuf
  2235 | D:2      | Killed Crazy Yiuf
  2477 | D:3      | Identified the +3 chain mail of Nichulol {Int+4 Dex-5 SInv}
  2613 | D:3      | Reached skill level 6 in Spellcasting
  2733 | D:3      | Reached XP level 5. HP: 29/29 MP: 11/15
  2738 | D:3      | Slain by an orc

Illustrated notes

Levels and vault maps discovered:
D:1:      dpeg_arrival_court, layout_basic, serial_shops, nicolae_shop_crystal,
          shop, shop_fountains, nicolae_square_shop, shop, st_stairs_5
D:2:      layout_basic, uniq_crazy_yiuf_cottage
D:3:      layout_loops_ring

Skill      XL: |  1  2  3  4 |
---------------+-------------+-----
Spellcasting   | 5 6 |  6.2
Fighting       | 1 |  1.4
Conjurations   | 2 |  2.5
Armour         | 1 |  1.4
Dodging        | |  2.6
Stealth        | |  2.6
Summonings     | |  1.1
Translocations | |  1.1

Action                     |  1- 3 |  4- 6 || total
---------------------------+-------+-------++-------
  Melee: Dagger            |    18 |     6 ||    24
         Quarterstaff      |       |     8 ||     8
   Cast: Magic Dart        |    90 |    44 ||   134
         Mephitic Cloud    |     3 |     2 ||     5
         Call Imp          |     1 |     1 ||     2
         Blink             |       |     1 ||     1
   Stab: Confused          |     3 |     1 ||     4
         Sleeping          |     1 |       ||     1
 Armour: Robe              |    15 |    16 ||    31
  Dodge: Dodged            |    14 |    11 ||    25

Table legend: (Time is in decaauts)
 A = Elapsed time spent in this place.
 B = Non-inter-level travel time spent in this place.
 C = Inter-level travel time spent in this place.
 D = Time resting spent in this place.
 E = Time spent auto-exploring this place.
 F = Levels seen in this place.
 G = Mean time per level.
                   A        B        C        D        E       F      G
               +--------+--------+--------+--------+--------+-----+--------+
         Total |   2739 |   2589 |    150 |     12 |   2218 |   3 |  913.0 |
       Dungeon |   2739 |   2589 |    150 |     12 |   2218 |   3 |  913.0 |
               +--------+--------+--------+--------+--------+-----+--------+

Top non-repeatable levels by time:
     D:1: 1245 daAuts
     D:2: 1076 daAuts
     D:3: 417 daAuts
